AoeStats
← NATIVE RADIX

Baltic

510804545Analyzed
4v4 RM · 1d ago on Oct 2, 2026· 150m 36s· 8 players
Game mode
Random Map
Map size
Large (8 player)
Population
200
Speed
Normal
Resources
Standard
Victory
Conquest
Starting age
Dark Age
Ending age
Imperial Age
RankedLock teamsTeams togetherTeam positionsShared explorationLock speedFull tech treeHidden civsTurbo modeCheats
Victory
Defeat
🇪🇸 Malians · Spain
838
+12
🇧🇷 Spanish · Brazil
823
+12
🇳🇱 Magyars · Netherlands
798
+28
🇪🇸 Bulgarians · Spain
769
+15
🇺🇸 Huns · United States
822
-16
🇺🇸 Byzantines · United States
757
-14
🇺🇸 Jurchens · United States
702
-11
🇺🇸 Vikings · United States
696
-11
NATIVE RADIX
3:34 Loom
13:45 Feudal Age
15:18 Fishing Lines
15:34 Double-Bit Axe
16:29 Wheelbarrow
20:18 Horse Collar
28:38 Castle Age
27:44 Stone Mining
30:00 Medium Warships
29:44 Gillnets
30:30 Heavy Plow
32:49 Hand Cart
35:05 Caravan
35:40 Coinage
35:30 Bow Saw
35:14 Gold Mining
35:19 Fletching
39:07 Imperial Age
37:28 Stone Shaft Mining
37:36 Bodkin Arrow
38:22 Gold Shaft Mining
40:37 Banking
40:17 Guilds
40:34 Conscription
40:15 Greek Fire
40:42 Fortified Wall
40:14 Treadmill Crane
40:04 Pikeman
40:37 Arson
41:55 Heavy Warships
40:54 Demolition Ship
41:40 Bracer
41:51 Forging
41:43 Scale Mail Armor
41:59 Careening
41:22 Heavy Demolition Ship
42:08 Squires
41:54 Gambesons
43:55 Two-Man Saw
44:28 Hoardings
44:57 Chemistry
44:19 Ballistics
44:52 Crop Rotation
45:22 Iron Casting
44:49 Padded Archer Armor
45:20 Chain Mail Armor
45:11 Scale Barding Armor
44:35 Halberdier
44:36 Man-at-Arms
44:59 Elite Cataphract
45:57 Arrowslits
46:05 Guard Tower
50:09 Long Swordsman
50:10 Elite Varangian Guard
52:03 Two-Handed Swordsman
53:03 Logistica
61:12 Chain Barding Armor
61:23 Plate Mail Armor
61:09 Leather Archer Armor
60:59 Champion
73:01 Capped Ram
74:01 Onager
82:19 Keep
82:06 Bombard Tower
82:07 Shipwright
81:53 Siphons
81:59 Clinker Construction
82:09 Dry Dock
95:58 Elite Skirmisher
97:16 Crossbowman
98:36 Arbalester
100:54 Thumb Ring
131:26 Heavy Cavalry Archer
148:04 Fervor
147:55 Devotion
148:11 Block Printing
148:32 Theocracy
148:23 Illumination
148:08 Redemption
148:00 Atonement
148:21 Heresy
148:22 Sanctity
148:07 Siege Ram
Writ
0:50 Loom
12:42 Feudal Age
13:59 Wheelbarrow
13:25 Double-Bit Axe
13:57 Town Watch
14:24 Fishing Lines
17:21 Stone Mining
17:22 Gold Mining
20:23 Horse Collar
22:04 Fletching
25:14 Castle Age
26:12 Town Patrol
26:07 Gillnets
27:15 Hand Cart
27:57 Gold Shaft Mining
27:36 Bow Saw
27:56 Medium Warships
28:12 Fortified Wall
28:39 Padded Archer Armor
29:11 Ballistics
34:04 Imperial Age
33:09 Siege Engineers
33:39 Bodkin Arrow
34:46 Treadmill Crane
37:23 Careening
38:07 Conscription
38:50 Stone Shaft Mining
39:17 Two-Man Saw
40:34 Fortified Bastions
41:37 Chemistry
40:42 Bracer
42:34 Leather Archer Armor
42:28 Heavy Rocket Cart
44:01 Masonry
45:55 Heavy Warships
49:10 Architecture
49:13 Ring Archer Armor
49:55 Elite Iron Pagoda
58:23 Clinker Construction
58:23 Siphons
63:53 Carvel Hull
67:28 Heavy Cavalry Archer
69:26 Guilds
69:42 Bloodlines
69:42 Husbandry
71:21 Light Cavalry
73:04 Caravan
77:37 Capped Ram
78:15 Elite Skirmisher
84:36 Scale Barding Armor
84:42 Forging
84:41 Pikeman
85:24 Squires
86:07 Chain Barding Armor
87:08 Iron Casting
86:34 Scale Mail Armor
88:11 Plate Barding Armor
89:41 Halberdier
90:07 Arson
91:46 Blast Furnace
91:02 Chain Mail Armor
92:09 Light Cavalry
93:40 Plate Barding Armor
ZPeach
0:40 Loom
12:16 Feudal Age
13:15 Fishing Lines
13:39 Double-Bit Axe
13:48 Horse Collar
24:46 Castle Age
23:30 Stone Mining
23:31 Gold Mining
23:53 Town Watch
27:30 Bow Saw
27:57 Gold Shaft Mining
27:39 Gillnets
29:22 Heavy Plow
30:58 Caravan
32:47 Fervor
36:57 Imperial Age
35:17 Town Patrol
35:18 Fletching
37:18 Bodkin Arrow
37:35 Forging
37:54 Elite Longship
40:08 Two-Man Saw
39:52 Ballistics
40:39 Chemistry
39:51 Masonry
39:48 Siege Engineers
39:24 Treadmill Crane
39:36 Heated Shot
39:46 Murder Holes
40:09 Clinker Construction
40:10 Careening
40:46 Conscription
41:32 Bracer
42:07 Iron Casting
41:42 Elite Berserk
45:56 Chieftains
45:57 Bogsveigar
49:00 Blast Furnace
48:02 Scale Mail Armor
55:46 Man-at-Arms
56:27 Squires
56:13 Arson
hmbrick
12:49 Feudal Age
14:19 Double-Bit Axe
14:18 Horse Collar
22:03 Castle Age
20:06 Stone Mining
21:22 Wheelbarrow
23:22 Bow Saw
23:49 Gold Mining
27:04 Hand Cart
29:26 Gold Shaft Mining
31:28 Imperial Age
29:59 Husbandry
30:13 Bloodlines
31:04 Caravan
32:43 Conscription
32:31 Marauders
34:33 Elite Tarkan
37:24 Two-Man Saw
37:08 Atheism
38:08 Scale Barding Armor
38:17 Forging
38:30 Heavy Plow
61:31 Town Watch
66:32 Pikeman
67:13 Squires
66:58 Arson
74:19 Town Patrol
77:45 Halberdier
93:39 Iron Casting
94:58 Capped Ram
98:28 Siege Ram
juan22-90
14:04 Feudal Age
19:02 Castle Age
17:09 Stone Mining
17:14 Gold Mining
17:19 Horse Collar
17:47 Double-Bit Axe
19:29 Forging
19:21 Scale Mail Armor
19:13 Fletching
20:56 Stone Shaft Mining
22:03 Wheelbarrow
26:34 Squires
27:31 Caravan
29:30 Heavy Plow
30:39 Stirrups
31:39 Bow Saw
36:35 Imperial Age
34:26 Hand Cart
36:27 Gambesons
36:29 Arson
37:33 Iron Casting
37:14 Chain Mail Armor
36:55 Bodkin Arrow
37:06 Scale Barding Armor
37:02 Elite Konnik
39:58 Conscription
39:44 Bagains
40:16 Chain Barding Armor
40:57 Blast Furnace
40:28 Plate Mail Armor
39:59 Bracer
40:26 Ballistics
41:07 Chemistry
40:04 Murder Holes
41:12 Husbandry
41:25 Bloodlines
42:09 Crop Rotation
43:46 Plate Barding Armor
44:49 Gold Shaft Mining
71:03 Pikeman
73:32 Pikeman
75:10 Halberdier
bram.kooi ¯\_(ツ)_/¯
12:23 Feudal Age
12:55 Double-Bit Axe
12:54 Horse Collar
16:30 Wheelbarrow
18:24 Scale Mail Armor
22:31 Castle Age
21:40 Gold Mining
21:41 Stone Mining
23:23 Bow Saw
23:52 Gold Shaft Mining
23:22 Heavy Plow
22:47 Pikeman
27:27 Hand Cart
28:46 Chain Mail Armor
28:58 Man-at-Arms
30:35 Corvinian Army
33:04 Long Swordsman
38:36 Imperial Age
38:22 Scale Barding Armor
38:33 Thumb Ring
37:49 Crossbowman
40:16 Ballistics
40:56 Chemistry
40:03 Halberdier
42:02 Masonry
41:48 Murder Holes
41:45 Guard Tower
42:24 Chain Barding Armor
41:44 Two-Handed Swordsman
45:00 Elite Magyar Huszar
46:23 Plate Barding Armor
45:56 Recurve Bow
46:00 Champion
48:43 Conscription
49:03 Hoardings
53:32 Caravan
113:01 Crop Rotation
120:09 Two-Man Saw
135:47 Capped Ram
138:37 Husbandry
137:58 Cavalier
137:59 Light Cavalry
138:49 Bloodlines
139:00 Paladin
tamy:)
12:17 Feudal Age
10:34 Loom
18:33 Castle Age
31:57 Murder Holes
36:09 Imperial Age
35:27 Gambesons
35:03 Man-at-Arms
40:39 Chemistry
40:01 Ballistics
39:51 Fortified Wall
42:00 Conscription
45:38 Long Swordsman
46:31 Forging
46:11 Fletching
jesusmorata89
3:22 Loom
13:07 Feudal Age
17:39 Castle Age
15:38 Double-Bit Axe
15:59 Horse Collar
16:57 Stone Mining
17:01 Gold Mining
17:24 Forging
18:05 Town Watch
19:21 Heavy Plow
19:38 Bow Saw
20:39 Fletching
20:50 Scale Mail Armor
22:43 Iron Casting
25:07 Wheelbarrow
25:16 Gold Shaft Mining
27:09 Stone Shaft Mining
27:20 Arson
27:36 Squires
28:40 Chain Mail Armor
29:04 Hand Cart
34:14 Imperial Age
31:53 Town Patrol
35:00 Tigui
35:40 Conscription
35:31 Bodkin Arrow
36:43 Elite Gbeto
38:15 Plate Mail Armor
38:43 Crop Rotation
39:38 Ballistics
40:20 Chemistry
41:17 Hoardings
40:47 Murder Holes
41:04 Masonry
42:35 Caravan
51:49 Light Cavalry
52:40 Bloodlines
52:30 Husbandry
52:33 Farimba
56:53 Architecture
56:49 Scale Barding Armor
57:31 Chain Barding Armor
57:46 Fortified Wall
63:37 Plate Barding Armor
69:57 Treadmill Crane
Connection lost

Rejoining the realm…

Still unreachable

The connection could not be restored.

Session expired

The server has moved on; the page needs a fresh start.